 Dungeon Crawl Stone Soup version 0.25.1-2-g60ff931df9 (console) character file.

Game seed: 17679573429969733079

674 Colgate the Vandal (level 7, 54/54 HPs)
             Began as a Demonspawn Abyssal Knight on Aug 26, 2020.
             Was a Priest of Lugonu.
             Quit the game on level 4 of the Dungeon.
             The game lasted 00:56:06 (4152 turns).

Colgate the Vandal (Demonspawn Abyssal Knight)      Turns: 4152, Time: 00:56:07

Health: 54/54      AC: 13    Str: 14    XL:     7   Next: 33%
Magic:  8/8        EV:  6    Int: 13    God:    Lugonu [***...]
Gold:   234        SH:  0    Dex: 13    Spells: 6/6 levels left

rFire    . . .     SeeInvis .   b - +0 fustibalus
rCold    . . .     Gourm    .   (no shield)
rNeg     . . .     Faith    .   r - +4 chain mail
rPois    .         Spirit   .   n - +0 helmet
rElec    .         Reflect  .   (no cloak)
rCorr    .         Harm     .   (no gloves)
MR       +....                  (no boots)
Stlth    ..........             (no amulet)
HPRegen  0.18/turn              h - ring of stealth
MPRegen  0.11/turn              F - ring of protection from magic

@: no status effects
A: talons 2, nightstalker 1
a: Depart the Abyss, Bend Space, Banish, Renounce Religion


You were on level 4 of the Dungeon.
You worshipped Lugonu.
Lugonu was most pleased with you.
You were not hungry.

You visited 1 branch of the dungeon, and saw 4 of its levels.
You visited the Abyss 1 time.

You collected 234 gold pieces.

Inventory:

Hand Weapons
 a - a +1 spear of venom
 b - a +0 fustibalus (weapon)
 j - a +0 dagger of venom
 p - a +1 mace
 A - a +0 flail of pain
Missiles
 f - 236 stones
 k - 4 sling bullets (quivered)
 l - 51 arrows
 s - 6 atropa-tipped darts
 D - 20 bolts
Armour
 e - a +0 leather armour
 i - a +0 robe
 n - a +0 helmet (worn)
 r - a +4 chain mail (worn)
 u - a +0 ring mail
Jewellery
 h - a ring of stealth (left hand)
 F - a ring of protection from magic (right hand)
Wands
 C - a wand of digging (5)
Scrolls
 d - a scroll of blinking {unknown}
 m - 3 scrolls of magic mapping {unknown}
 o - 4 scrolls of identify {unknown}
 v - a scroll of teleportation {unknown}
 y - a scroll of amnesia {unknown}
 B - a scroll of fog {unknown}
 E - a scroll of noise {unknown}
Potions
 g - a potion of berserk rage {unknown}
 q - a potion of flight {unknown}
 t - a potion of curing {unknown}
 w - a potion of lignification {unknown}
 x - 2 potions of heal wounds {unknown}
 z - a potion of brilliance {unknown}
Comestibles
 c - 7 rations


   Skills:
 - Level 4.0 Fighting
 - Level 1.7 Maces & Flails
 + Level 0.7 Polearms
 - Level 6.7 Slings
 - Level 1.7 Armour
 - Level 0.8 Dodging
 - Level 2.4 Invocations


You had 6 spell levels left.
You didn't know any spells.
Your spell library contained the following spells:

 Spells                   Type           Power        Failure   Level  Hunger
 Corona                   Hex            #......      100%        1    ##.....
 Ensorcelled Hibernation  Hex/Ice        #.....       100%        2    ###....
 Confusing Touch          Hex            #.......     100%        3    ####...
 Dazzling Flash           Conj/Hex       #.....       100%        3    ####...
 Tukima's Dance           Hex            #.......     100%        3    ####...


Dungeon Overview and Level Annotations

Branches:
Dungeon (4/15)
 Temple: D:4-7

Altars:
Dithmenos
Hepliaklqana
Trog

Annotations:
Abyss:1 Natasha


Innate Abilities, Weirdness & Mutations

You have razor-sharp toenails.
You are slightly more attuned to the shadows.


Message History

x - 2 viscous ruby potions (gained 1)
Found a scale mail.
l - 51 arrows (gained 9)
Found a stone staircase leading up.
Okay, then.
f - 216 stones (gained 28)
Found 20 bolts.
Found 20 stones.
You see here 20 bolts.
D - 20 bolts
There is a stone staircase leading up here.
E - a scroll labeled ITEOTT QUDO
f - 236 stones (gained 20)
You now have 234 gold pieces (gained 11).
F - a notched onyx ring
F - a ring of protection from magic (right hand) Welcome back, Colgate the Demonspawn Abyssal Knight.
Lugonu says: Spread carnage and corruption!
Press ? for a list of commands and other information.
Are you sure you want to abandon this character and quit the game? (Confirm with "yes".)

##.## #....###
..##..... #......###
.........
.........###
#........
...........#
#..................##
#...............@...#
#...........##.....##
##.#....# #.......###
#..#....# #.........#
#......# #..#.....##
#......# #.##..####
รท.##..#####......#
.........##.....##
..#.###...#..#..#
...####......#.##
..<.##....<##.####


There were no monsters in sight!

Vanquished Creatures
  Grinder (D:4)
  Sigmund (D:3)
  Terence (D:2)
  Natasha (D:4)
  Robin (D:1)
  5 adders
  8 gnolls
  An ooze (D:1)
  2 worms
  A dart slug (D:1)
  10 orcs
  A ball python (D:2)
  4 giant cockroaches
  15 goblins
  10 hobgoblins
  10 jackals
  8 bats
  6 frilled lizards
  10 kobolds
  11 rats
107 creatures vanquished.

Notes
Turn   | Place    | Note
-------+----------+-------------------------------------------
     0 | Abyss:1  | Colgate the Demonspawn Abyssal Knight began the quest for
                  | the Orb.
     0 | Abyss:1  | Reached XP level 1. HP: 18/18 MP: 2/2
   100 | Abyss:1  | Noticed a wretched star
   101 | D:1      | Escaped the Abyss
   364 | D:1      | Reached * piety under Lugonu
   364 | D:1      | Gained mutation: You have sharp toenails. [demonic
                  | ancestry]
   364 | D:1      | Reached XP level 2. HP: 24/24 MP: 3/3
   652 | D:1      | Reached XP level 3. HP: 30/30 MP: 4/4
   654 | D:1      | Reached skill level 1 in Slings
  1128 | D:2      | Noticed Robin
  1201 | D:1      | Reached skill level 2 in Slings
  1305 | D:1      | Reached ** piety under Lugonu
  1523 | D:1      | Gained mutation: You have razor-sharp toenails. [demonic
                  | ancestry]
  1523 | D:1      | Reached XP level 4. HP: 20/37 MP: 5/5
  1675 | D:1      | Killed Robin
  1795 | D:2      | Noticed Terence
  1862 | D:2      | Killed Terence
  1862 | D:2      | Reached skill level 3 in Slings
  2161 | D:2      | Reached XP level 5. HP: 41/42 MP: 6/6
  2387 | D:2      | Found a bloodstained altar of Trog.
  2782 | D:3      | Reached skill level 4 in Slings
  2810 | D:3      | Found a shadowy altar of Dithmenos.
  2857 | D:3      | Noticed Sigmund
  2894 | D:3      | Killed Sigmund
  2894 | D:3      | Reached skill level 5 in Slings
  2894 | D:3      | Gained mutation: You are slightly more attuned to the
                  | shadows. [demonic ancestry]
  2894 | D:3      | Reached XP level 6. HP: 42/48 MP: 7/7
  3062 | D:3      | Found a hazy altar of Hepliaklqana.
  3585 | D:3      | Reached *** piety under Lugonu
  3695 | D:4      | Noticed Grinder
  3703 | D:4      | Noticed Natasha
  3711 | D:4      | Paralysed by Grinder for 3 turns
  3720 | D:4      | Paralysed by Grinder for 7 turns
  3729 | D:4      | Killed Natasha
  3733 | D:4      | Killed Grinder
  3733 | D:4      | Reached skill level 6 in Slings
  3733 | D:4      | Reached XP level 7. HP: 12/54 MP: 6/8
  3734 | D:4      | Noticed Natasha
  3742 | D:4      | Banished Natasha
  4152 | D:4      | Quit the game

Illustrated notes

Levels and vault maps discovered:
D:1:      evilmike_arrival_hilbert_curve, layout_loops_ring, st_stairs_14
D:2:      layout_rooms, old_standard_altar, uniq_robin, uniq_terence
D:3:      layout_basic, grunt_dithmenos_smoke_and_mirrors, lemuel_doored_altar,
          first_ration, minmay_misc_feat_rugged, uniq_sigmund
D:4:      layout_cave_pools, kennysheep_vampire_church, serial_shops,
          kennysheep_little_box, uniq_natasha, uniq_grinder, uniq_blork_the_orc

Skill      XL: |  1  2  3  4  5  6 |
---------------+-------------------+-----
Fighting       | 4 |  4.0
Slings         | 2 3 5 6 |  6.7
Maces & Flails | |  1.7
Polearms       | |  0.7
Armour         | |  1.7
Dodging        | |  0.8
Invocations    | |  2.4

Action                   |  1- 3 |  4- 6 |  7- 9 || total
-------------------------+-------+-------+-------++-------
Melee: Mace              |    45 |       |       ||    45
       Kick              |     7 |    21 |     2 ||    30
       Dagger            |    28 |    46 |       ||    74
       Spear             |       |    61 |     7 ||    68
 Fire: Hunting sling     |    83 |    79 |       ||   162
       Fustibalus        |       |    13 |     6 ||    19
Throw: Stone             |    16 |    10 |       ||    26
       Dart              |       |    11 |       ||    11
Invok: Depart the Abyss  |     1 |       |       ||     1
       Bend Space        |     1 |     6 |       ||     7
       Banish            |       |       |     1 ||     1
 Stab: Invisible         |       |     2 |       ||     2
  Eat: Chunk             |     2 |     7 |     1 ||    10
Armor: Leather armour    |    29 |     8 |       ||    37
       Chain mail        |       |    49 |     3 ||    52
Dodge: Dodged            |    61 |    24 |     2 ||    87
